 Dungeon Crawl Stone Soup version 0.27.1 (webtiles) character file.

Game seed: 8609518800270985750

220092 amoeba the Peltast (level 18, -14/152 HPs)
             Began as a Minotaur Fighter on Sept 1, 2021.
             Was the Champion of Okawaru.
             Killed from afar by a wretched star (27 damage)
             ... with a lance of force
             ... on level 3 of the Abyss.
             The game lasted 01:39:47 (32584 turns).

amoeba the Peltast (Minotaur Fighter)              Turns: 32584, Time: 01:39:47

Health: -14/152    AC: 32    Str: 35 (36) XL:     18   Next: 46%
Magic:  19/19      EV: 11    Int: 10      God:    Okawaru [******]
Gold:   1596       SH: 21    Dex: 12      Spells: 17/17 levels left

rFire    + . .     SeeInvis +   T - +9 morningstar "Wiho" {vamp, rN+ rCorr Str+2 Stlth-}
rCold    . . .     Faith    .   b - +4 kite shield {rN+}
rNeg     + + .     Spirit   .   d - +2 plate armour {rPois}
rPois    +         Reflect  .   (helmet restricted)
rElec    .         Harm     .   V - scarf {shadows}
rCorr    +         Rampage  .   E - +2 pair of gloves {Str+3}
Will     +....                  F - +2 pair of boots {Fly}
Stlth    ..........             Y - amulet of the Sturgeon {Acrobat Regen+ SInv}
HPRegen  1.35/turn              q - ring of the Octopus King {Fly AC+1 EV+1 Str+1 Int+1 Dex+1}
MPRegen  0.16/turn              J - ring "Woankest" {AC+4 Str+2 Int+4}

@: about to teleport, flying, hasted, very quick
A: horns 2, retaliatory headbutt, fire resistance 1, frail 1, screaming 1
}: 1/15 runes: serpentine
a: Renounce Religion, Heroism, Finesse


You were on level 3 of the Abyss.
You worshipped Okawaru.
Okawaru was exalted by your worship.
You visited 6 branches of the dungeon, and saw 29 of its levels.
You visited the Abyss 1 time.
You also visited: Ice Cave.

You collected 2866 gold pieces.
You spent 1270 gold pieces at shops.

Inventory:

Hand Weapons
 m - the +8 broad axe "Ebeiroot" {protect, rPois SInv}
   (Okawaru gifted it to you on level 6 of the Lair of Beasts)

   It grants its wielder temporary protection when it strikes (+7 to AC).
   rPois:     It protects you from poison.
   SInv:      It lets you see invisible.
 T - the +9 morningstar "Wiho" (weapon) {vamp, rN+ rCorr Str+2 Stlth-}
   (You found it on level 2 of the Lair of Beasts)

   It occasionally heals its wielder for a portion of the damage dealt when it
   wounds a living foe.
   Str:       It affects your strength (+2).
   rN:        It protects you from negative energy.
   rCorr:     It protects you from acid and corrosion.
   Stlth:     It makes you less stealthy.
Missiles
 P - 20 silver javelins (quivered)
Armour
 b - a +4 kite shield of positive energy (worn)
 d - a +2 plate armour of poison resistance (worn)
 k - a +2 tower shield of cold resistance
 o - the +4 plate armour of Jiczoo Lymo {rF+ Int+3}
   (Okawaru gifted it to you on level 1 of the Snake Pit)

   Int:       It affects your intelligence (+3).
   rF:        It protects you from fire.
 E - a +2 pair of gloves of strength (worn)
 F - a +2 pair of boots of flying (worn)
 U - a +2 plate armour of fire resistance
 V - a scarf of shadows (worn)
 W - a +4 plate armour of cold resistance
Jewellery
 f - a ring of willpower
 q - a ring of the Octopus King (left hand) {Fly AC+1 EV+1 Str+1 Int+1 Dex+1}
   (You found it on level 10 of the Dungeon)

   [ring of flight]

   AC:        It affects your AC (+1).
   EV:        It affects your evasion (+1).
   Str:       It affects your strength (+1).
   Int:       It affects your intelligence (+1).
   Dex:       It affects your dexterity (+1).
   Fly:       It grants you flight.
 z - a ring of poison resistance
 A - a ring of protection from cold
 J - the ring "Woankest" (right hand) {AC+4 Str+2 Int+4}
   (You acquired it on level 4 of the Lair of Beasts)

   [ring of protection]

   AC:        It affects your AC (+4).
   Str:       It affects your strength (+2).
   Int:       It affects your intelligence (+4).
 R - a ring of positive energy
 X - the ring "Kiggom" {rC+ rN+ Str-4 Int+2 Dex+2}
   (You found it on level 14 of the Dungeon)

   [ring of protection from cold]

   Str:       It affects your strength (-4).
   Int:       It affects your intelligence (+2).
   Dex:       It affects your dexterity (+2).
   rC:        It protects you from cold.
   rN:        It protects you from negative energy.
 Y - the amulet of the Sturgeon (around neck) {Acrobat Regen+ SInv}
   (You acquired it on level 6 of the Lair of Beasts)

   [amulet of the acrobat]

   It increases your evasion while moving and waiting.
   SInv:      It lets you see invisible.
   Regen:     It increases your rate of health regeneration.
Wands
 e - a wand of mindburst (13)
 n - a wand of polymorph (34)
 p - a wand of charming (19)
 t - a wand of iceblast (45)
 K - a wand of flame (136)
 S - a wand of acid (18)
Scrolls
 a - a scroll of brand weapon
 h - 7 scrolls of enchant weapon
 i - 6 scrolls of magic mapping
 j - 8 scrolls of teleportation
 r - a scroll of identify
 w - a scroll of fear
 x - 2 scrolls of summoning
 y - 4 scrolls of fog
 O - 3 scrolls of immolation
Potions
 c - a potion of flight
 g - 4 potions of haste
 l - 4 potions of curing
 u - 2 potions of berserk rage
 v - 4 potions of mutation
 B - a potion of attraction
 C - 5 potions of lignification
 D - 4 potions of might
 G - 2 potions of resistance
 H - 5 potions of invisibility
 L - a potion of brilliance {unknown}
 M - 2 potions of cancellation
Miscellaneous
 s - a phial of floods
 Q - a condenser vane


   Skills:
 + Level 17.1 Fighting
 + Level 13.3(17.5) Axes
 + Level 18.8(20.1) Maces & Flails
 + Level 16.5 Armour
 + Level 4.4 Dodging
 + Level 1.5 Stealth
 + Level 20.3 Shields
 + Level 2.9 Invocations
 + Level 0.7 Evocations


You had 17 spell levels left.
You didn't know any spells.
Your spell library contained the following spells:

 Spells                   Type           Power      Damage    Failure   Level
 Corona                   Hex            0%         N/A       83%         1
 Freeze                   Ice            0%         1d3       83%         1
 Summon Small Mammal      Summ           0%         N/A       83%         1
 Blink                    Tloc           N/A        N/A       93%         2
 Corpse Rot               Necr/Air       N/A        N/A       93%         2
 Ensorcelled Hibernation  Hex/Ice        0%         N/A       93%         2
 Poisonous Vapours        Pois/Air       0%         N/A       93%         2
 Call Canine Familiar     Summ           0%         N/A       99%         3
 Dazzling Flash           Conj/Hex       0%         N/A       99%         3
 Frozen Ramparts          Ice            0%         1d2       99%         3
 Gell's Gravitas          Tloc           0%         N/A       99%         3
 Lesser Beckoning         Tloc           0%         N/A       99%         3
 Ozocubu's Armour         Ice            0%         N/A       99%         3
 Portal Projectile        Hex/Tloc       0%         N/A       99%         3
 Spider Form              Tmut/Pois      0%         N/A       99%         3
 Summon Guardian Golem    Hex/Summ       0%         N/A       99%         3
 Teleport Other           Tloc           0%         N/A       99%         3
 Tukima's Dance           Hex            0%         N/A       99%         3
 Animate Dead             Necr           0%         N/A       100%        4
 Dispel Undead            Necr           0%         3d6       100%        4
 Hailstorm                Conj/Ice       0%         3d3       100%        4
 Leda's Liquefaction      Hex/Erth       0%         N/A       100%        4
 Passage of Golubria      Tloc           N/A        N/A       100%        4
 Summon Lightning Spire   Summ/Air       0%         N/A       100%        4
 Agony                    Necr           0%         N/A       100%        5
 Borgnjor's Vile Clutch   Necr/Erth      0%         N/A       100%        5
 Fireball                 Conj/Fire      0%         3d3       100%        5
 Freezing Cloud           Conj/Ice/Air   0%         6-21      100%        5
 Manifold Assault         Tloc           0%         N/A       100%        5
 Silence                  Hex/Air        0%         N/A       100%        5
 Summon Forest            Summ/Tloc      0%         N/A       100%        5
 Summon Mana Viper        Hex/Summ       0%         N/A       100%        5
 Yara's Violent Unravell  Hex/Tmut       0%         3d3       100%        5
 Death Channel            Necr           0%         N/A       100%        6
 Eringya's Noxious Bog    Tmut/Pois      0%         N/A       100%        6
 Shadow Creatures         Summ           N/A        N/A       100%        6
 Starburst                Conj/Fire      0%         6d3       100%        6
 Orb of Destruction       Conj           0%         N/A       100%        7
 Ozocubu's Refrigeration  Ice            0%         4d5       100%        7
 Spellforged Servitor     Conj/Summ      0%         N/A       100%        7
 Storm Form               Tmut/Air       0%         N/A       100%        7
 Summon Hydra             Summ           0%         N/A       100%        7
 Borgnjor's Revivificati  Necr           0%         N/A       100%        8
 Ignition                 Fire           0%         3d3       100%        8
 Maxwell's Capacitive Co  Air            0%         ∞         100%        8
 Necromutation            Tmut/Necr      0%         N/A       100%        8
 Death's Door             Necr           0%         N/A       100%        9


Dungeon Overview and Level Annotations

Branches:
Dungeon (15/15)            Temple (1/1) D:5            Lair (6/6) D:9
 Shoals (0/4) Lair:3        Snake (4/4) Lair:3        Slime (0/5) Lair:5
    Orc (2/2) D:10            Elf (1/3) Orc:2        Depths (0/5) D:15
  IceCv (visited)
 Vaults: D:13-14

Altars:
Cheibriados
Elyvilon
Okawaru
Qazlal
Ru
Sif Muna
Vehumet
Wu Jian
Xom
The Shining One
Beogh
Jiyva

Shops:
D:8 [:[[:   D:11 [   Orc:2 ??*(!   Elf:1 [   Snake:1 !   Snake:2 [

Annotations:
D:5 2 runed translucent doors
Lair:3 exclusion: 2 oklob plants


Innate Abilities, Weirdness & Mutations

You have a pair of horns on your head.
You reflexively headbutt those who attack you in melee.
Your flesh is heat resistant. (rF+)
You are frail. (-10% HP)
You occasionally shout uncontrollably at your foes.


Message History

The starcursed mass is engulfed in seething chaos.
The starcursed mass resists with almost no effort.
A starcursed mass splits.
The apocalypse crab is engulfed in seething chaos.
The apocalypse crab breathes chaos at you.
The blast of chaos engulfs you but does no damage.
You partially resist.
You bludgeon the raiju!!
You kill the raiju!
Okawaru accepts your kill.
The spatial maelstrom is engulfed in seething chaos.
You block the spatial maelstrom's attack.
The spatial maelstrom barely misses you.
Unknown command.
You puncture the apocalypse crab!
You headbutt the apocalypse crab, but do no damage.
The apocalypse crab is moderately wounded.
The spatial vortex is engulfed in seething chaos.
The spatial maelstrom is engulfed in seething chaos.
The spatial maelstrom suddenly seems more agile.
You block the spatial maelstrom's attack. x2
You barely miss the apocalypse crab.
Your headbutt misses the apocalypse crab.
The apocalypse crab is moderately wounded.
You block the apocalypse crab's attack. x2
The starcursed mass closely misses you.
The ynoxinul gestures.
The spatial vortex is engulfed in seething chaos.
The spatial vortex seems to speed up.
Unknown command.
You bludgeon the apocalypse crab!! You headbutt the apocalypse crab!
You kill the apocalypse crab!
Okawaru accepts your kill.
You block the spatial maelstrom's attack. x2
The starcursed mass touches you but does no damage.
A small abomination comes into view.
A starcursed mass splits.
The wretched star glows turbulently.
The lance of force hits you!!
You die...

#.# # # ..# #. #
#.#.## ##. . . #.##
##.. ..#. .
#.#.###.## ### .# ##
#...X..#.#§.X ... .
5###.#§X#.X###.#.#.#
x.55#v#X## # .X.#.
.# 535v*.@#.##.#
##..##.## 55#v##.X#
## # # #.# #...X.# #
..#.. #. #..#..# #.
..X[ #.##.... .#.. X
##. #.#.#. ..# # #
## # ... #. #.##. .
..#.


You could see 4 starcursed masses, a spatial maelstrom (agile), a wretched star,
2 spatial vortices, a ynoxinul, a small abomination (wandering) and 7 ufetubi.

Vanquished Creatures
  Vashnia (Snake:2)
  Saint Roka (Orc:2)
  Jorgrun (D:15)
  Asterion (Snake:3)
  2 quicksilver dragons (Snake:4)
  An Executioner (Abyss:3)
  3 tentacled starspawn (Abyss:3)
  The ghost of Bibakh the Fencer, an adept DsFi of Okawaru (D:15)
  2 nagarajas (Snake:4)
  A frost giant (IceCv)
  A cacodemon (Abyss:3)
  An orc warlord (D:15)
  Azrael (D:13)
  The ghost of Dumidips the Black Belt, a journeyman OpMo of Makhleb (Lair:2)
  2 merfolk javelineers (D:15)
  A merfolk impaler (D:15)
  2 fire dragons (D:15)
  Josephine (Lair:6)
  2 boulder beetles
  3 salamander tyrants (Snake:4)
  9 hydras
  3 ogre magi
  The ghost of Teowiduv the Destroyer, a journeyman OpCj of Gozag (Lair:2)
  11 anacondas
  11 naga warriors
  A dancing weapon (Elf:1)
  The ghost of Haraddelas the Transmogrifier, a journeyman OpTm of Okawaru (Lair:2)
  3 catoblepae (Lair:6)
  3 centaur warriors
  15 two-headed ogres
  23 death yaks
  4 thrashing horrors (Abyss:3)
  An orc high priest (Orc:1)
  Urug (D:13)
  8 shock serpents
  18 naga sharpshooters
  4 deep elf knights (Elf:1)
  Sonja (D:13)
  2 salamander mystics
  2 wretched stars (Abyss:3)
  4 sixfirhies (Abyss:3)
  A sea snake (shapeshifter) (Abyss:3)
  8 naga ritualists
  2 deep trolls (Orc:1)
  2 deep elf archers (Elf:1)
  An orange crystal statue (Lair:1)
  11 mana vipers
  8 large abominations (Abyss:3)
  4 deep elf pyromancers (Elf:1)
  2 deep elf zephyrmancers (Elf:1)
  2 ugly things
  3 orc sorcerers
  3 manticores
  8 salamanders
  7 cyclopes
  3 merfolk sirens (Lair:3)
  A fire giant skeleton (Abyss:3)
  Maurice (D:11)
  46 black mambas
  An ice statue (IceCv)
  Joseph (D:7)
  2 smoke demons (Abyss:3)
  3 apocalypse crabs (Abyss:3)
  11 guardian serpents
  7 elephants
  An orange demon (Abyss:3)
  22 naga magi
  11 cane toads
  A yaktaur (shapeshifter) (D:15)
  2 unseen horrors
  3 yaktaurs (D:14)
  6 kobold demonologists
  3 rime drakes
  8 komodo dragons
  An efreet (Abyss:3)
  A tormentor (Abyss:3)
  13 trolls
  2 ancient zymes (Abyss:3)
  A troll (shapeshifter) (Abyss:3)
  A merfolk (Lair:3)
  15 polar bears
  3 meliai (D:15)
  A hornet (D:7)
  28 blink frogs
  5 raiju (Abyss:3)
  6 slime creatures (D:13)
  6 starcursed masses (Abyss:3)
  6 wyverns
  5 wraiths (Lair:6)
  2 shadows
  6 fire elementals (D:13)
  2 ynoxinuls (Abyss:3)
  A water elemental (Elf:1)
  74 yaks
  A chaos spawn (Abyss:3)
  A yak (shapeshifter) (Abyss:3)
  4 fire bats (Abyss:3)
  An emperor scorpion simulacrum (Abyss:3)
  3 vampire mosquitoes (D:15)
  51 nagas
  7 wargs
  Edmund (D:6)
  8 water moccasins
  2 acid dragons
  Duvessa (D:7)
  A black bear (shapeshifter) (D:13)
  10 orc warriors
  An ice beast (D:8)
  3 sky beasts
  5 black bears (Lair:1)
  22 ogres
  A necrophage (D:7)
  29 wolves
  4 centaurs
  3 kobold brigands
  14 bullfrogs
  2 gnoll sergeants
  2 scorpions (D:6)
  Dowan (D:7)
  4 small abominations (Abyss:3)
  A wyvern skeleton (D:7)
  5 killer bees
  9 wights
  4 electric eels
  11 howler monkeys
  4 bullfrog zombies
  3 lava snakes (Lair:1)
  A quasit (Abyss:3)
  5 centaur zombies
  2 iron imps (Abyss:3)
  2 centaur skeletons (D:5)
  8 hounds
  2 gnoll shamans
  10 orc priests
  2 bullfrog skeletons
  3 iguanas
  19 orc wizards
  7 hell rats (Lair:6)
  2 killer bee zombies
  A hound skeleton (D:5)
  15 gnolls
  A howler monkey skeleton (D:6)
  3 adders
  A shadow imp (D:8)
  4 white imps
  3 ufetubi
  2 worms
  41 orcs
  4 endoplasms
  5 giant cockroaches
  6 hobgoblins
  18 kobolds
  3 quokkas
  3 ball pythons
  3 bats (D:1)
  A frilled lizard (D:1)
  7 goblins
  2 rats (D:1)
  A lurking horror (Abyss:3)
  A plant (Lair:1)
  5 starspawn tentacles (Abyss:3)
941 creatures vanquished.

Vanquished Creatures (others)
  46 fungi
  A lurking horror (Abyss:3)
  81 plants
  6 starspawn tentacles (Abyss:3)
  4 withered plants (Lair:2)
138 creatures vanquished.

Grand Total: 1079 creatures vanquished

Notes
Turn   | Place    | Note
-------+----------+-------------------------------------------
     0 | D:1      | amoeba the Minotaur Fighter began the quest for the Orb.
     0 | D:1      | Reached XP level 1. HP: 19/19 MP: 0/0
   229 | D:1      | Found a faded altar of an unknown god.
   385 | D:1      | Reached XP level 2. HP: 27/27 MP: 1/1
   574 | D:1      | Reached skill level 4 in Shields
  1024 | D:2      | Reached XP level 3. HP: 15/33 MP: 2/2
  1969 | D:4      | Reached XP level 4. HP: 37/41 MP: 3/3
  2043 | D:4      | Noticed an ogre
  2048 | D:5      | Entered Level 5 of the Dungeon
  2328 | D:6      | Noticed a bullfrog
  2338 | D:6      | Killed a bullfrog
  2339 | D:6      | Reached XP level 5. HP: 37/47 MP: 4/4
  2450 | D:5      | Reached skill level 5 in Armour
  2553 | D:5      | Reached XP level 6. HP: 51/53 MP: 5/5
  2745 | D:5      | Found a staircase to the Ecumenical Temple.
  2754 | Temple   | Entered the Ecumenical Temple
  2759 | Temple   | Became a worshipper of Warmaster Okawaru
  2831 | D:5      | Found a large runed translucent door.
  2831 | D:5      | Noticed an orc warrior
  2832 | D:5      | Found a large runed translucent door.
  2838 | D:5      | Found a large runed translucent door.
  2838 | D:5      | Found a large runed translucent door.
  2896 | D:5      | Reached skill level 5 in Axes
  2899 | D:5      | Reached skill level 1 in Dodging
  2928 | D:5      | Reached skill level 5 in Fighting
  2950 | D:5      | Noticed a kobold demonologist
  2969 | D:5      | Noticed a smoke demon
  3264 | D:6      | Noticed a sky beast
  3302 | D:6      | Killed a sky beast
  3303 | D:6      | Reached XP level 7. HP: 41/61 MP: 6/6
  3450 | D:6      | Reached * piety under Okawaru
  3451 | D:6      | Reached skill level 5 in Shields
  3488 | D:6      | Noticed Edmund
  3505 | D:6      | Killed Edmund
  4007 | D:6      | Reached skill level 1 in Maces & Flails
  4007 | D:6      | Reached XP level 8. HP: 55/69 MP: 7/7
  4092 | D:6      | Reached ** piety under Okawaru
  4093 | D:6      | Reached skill level 1 in Stealth
  4213 | D:6      | Reached skill level 6 in Shields
  4786 | D:5      | HP: 1/70 [bullfrog zombie (4)]
  5393 | D:5      | Noticed a soul eater
  6345 | D:5      | Killed a kobold demonologist
  6346 | D:5      | Reached XP level 9. HP: 78/78 MP: 8/8
  6486 | D:5      | Reached *** piety under Okawaru
  6487 | D:5      | Reached skill level 5 in Maces & Flails
  6696 | D:5      | Killed an unseen horror
  7042 | D:7      | Found a stormy altar of Qazlal.
  7064 | D:7      | Noticed Joseph
  7359 | D:8      | Found Biulluat's Book Boutique.
  7484 | D:8      | Found Mahi Loi's Book Shoppe.
  7506 | D:8      | Found Zyodwaed's Antique Armour Shop.
  7514 | D:8      | Bought a glowing kite shield for 240 gold pieces
  7667 | D:8      | Found Tauv's Antique Armour Shoppe.
  7813 | D:8      | Found Facaul's Armour Shop.
  7964 | D:8      | Reached skill level 7 in Shields
  7969 | D:8      | Reached **** piety under Okawaru
  8110 | D:8      | Found an ornate altar of the Wu Jian Council.
  8676 | D:9      | Reached XP level 10. HP: 86/86 MP: 9/9
  8695 | D:9      | Found a staircase to the Lair.
  8889 | D:9      | Reached skill level 10 in Armour
  9127 | D:9      | Reached skill level 8 in Shields
  9815 | Lair:1   | Entered Level 1 of the Lair of Beasts
 10228 | Lair:1   | Reached ***** piety under Okawaru
 10409 | Lair:1   | Noticed an elephant
 10432 | Lair:1   | Reached skill level 9 in Shields
 10434 | Lair:1   | Killed an elephant
 10704 | Lair:1   | Noticed an orange crystal statue
 11211 | D:10     | Entered Level 10 of the Dungeon
 11260 | D:10     | Found a staircase to the Orcish Mines.
 11283 | D:10     | Noticed a two-headed ogre
 11287 | D:10     | a two-headed ogre changed into a naga
 11291 | D:10     | Noticed a two-headed ogre
 11305 | D:10     | Killed a two-headed ogre
 11406 | D:10     | Reached XP level 11. HP: 90/94 MP: 7/10
 11419 | D:10     | Reached skill level 10 in Shields
 11718 | D:10     | Reached skill level 10 in Maces & Flails
 12096 | D:11     | Received a gift from Okawaru
 12216 | D:11     | Noticed a sixfirhy
 12387 | D:11     | Noticed Maurice
 12409 | D:11     | Reached skill level 1 in Invocations
 12410 | D:11     | Killed Maurice
 12815 | D:11     | Found Ytymijesiw's Armour Boutique.
 12819 | D:11     | Bought a +0 pair of gloves of strength for 126 gold pieces
 12833 | D:11     | Gained mutation: You are frail. (-10% HP) [potion of
                  | mutation]
 12833 | D:11     | Gained mutation: You occasionally shout uncontrollably at
                  | your foes. [potion of mutation]
 12833 | D:11     | Gained mutation: Your flesh is heat resistant. (rF+)
                  | [potion of mutation]
 13116 | D:11     | Noticed a boulder beetle
 13139 | D:11     | Killed a boulder beetle
 13589 | D:11     | Found a snail-covered altar of Cheibriados.
 13856 | D:7      | Found a shimmering blue altar of Sif Muna.
 13959 | D:7      | Found a shimmering altar of Xom.
 13963 | D:7      | Found a radiant altar of Vehumet.
 13967 | D:7      | Found a white marble altar of Elyvilon.
 14085 | D:7      | Killed Joseph
 14191 | D:7      | Reached skill level 11 in Shields
 14199 | D:7      | Noticed Duvessa
 14201 | D:7      | Noticed Dowan
 14205 | D:7      | Killed Duvessa
 14214 | D:7      | Killed Dowan
 14840 | Lair:2   | Noticed an eight-headed hydra
 14850 | Lair:2   | Killed an eight-headed hydra
 14851 | Lair:2   | Reached XP level 12. HP: 60/94 MP: 8/11
 15211 | Lair:2   | Found a runed translucent gate.
 15227 | Lair:2   | Found a runed translucent gate.
 15230 | Lair:2   | Found a runed translucent gate.
 15230 | Lair:2   | Noticed Haraddelas's ghost (journeyman OpTm)
 15230 | Lair:2   | Noticed Teowiduv's ghost (journeyman OpCj)
 15230 | Lair:2   | Noticed Dumidips's ghost (journeyman OpMo)
 15320 | Lair:2   | Noticed a four-headed hydra
 15337 | Lair:2   | Killed a four-headed hydra
 15491 | Lair:2   | Noticed a six-headed hydra
 15501 | Lair:2   | Killed a six-headed hydra
 15509 | Lair:2   | Reached skill level 10 in Fighting
 15847 | Lair:2   | Reached ****** piety under Okawaru
 16043 | Lair:2   | Reached skill level 12 in Shields
 16613 | Lair:3   | Noticed a catoblepas
 16921 | Lair:3   | Noticed a death yak
 16921 | Lair:3   | Noticed a death yak
 16922 | Lair:3   | Noticed a death yak
 16934 | Lair:3   | Killed a death yak
 16934 | Lair:3   | Received a gift from Okawaru
 16942 | Lair:3   | Killed a death yak
 16950 | Lair:3   | Killed a death yak
 17303 | Lair:2   | Killed Dumidips's ghost
 17312 | Lair:2   | Killed Haraddelas's ghost
 17325 | Lair:2   | Killed Teowiduv's ghost
 17341 | Lair:2   | Identified the +9 morningstar "Wiho" {vamp, rN+ rCorr Str+2
                  | Stlth-}
 17467 | Lair:3   | Noticed a boulder beetle
 17474 | Lair:3   | Killed a boulder beetle
 17478 | Lair:3   | Received a gift from Okawaru
 17479 | Lair:3   | Reached XP level 13. HP: 102/102 MP: 13/13
 17487 | Lair:3   | Found a staircase to the Shoals.
 17494 | Lair:3   | Reached skill level 13 in Shields
 17570 | Lair:3   | Found a staircase to the Snake Pit.
 18536 | Lair:4   | Identified a scroll of acquirement
 18537 | Lair:4   | Acquired the ring "Woankest" {AC+4 Str+2 Int+4}
 19387 | Lair:5   | Found a viscous altar of Jiyva.
 19388 | Lair:5   | Found a staircase to the Slime Pits.
 19557 | Lair:4   | Received a gift from Okawaru
 19724 | Lair:5   | Reached skill level 15 in Maces & Flails
 19888 | Lair:5   | Reached skill level 14 in Shields
 20328 | Lair:5   | You fall into a shaft and drop 1 floor!
 20328 | Lair:6   | Entered Level 6 of the Lair of Beasts
 20353 | Lair:6   | Reached XP level 14. HP: 112/112 MP: 12/14
 20382 | Lair:6   | Found a frozen archway.
 20401 | IceCv    | Entered an ice cave
 20981 | IceCv    | Noticed a frost giant
 20990 | IceCv    | Received a gift from Okawaru
 21020 | IceCv    | Killed a frost giant
 21020 | IceCv    | Identified the +1 dagger "Qopeav" {vorpal, Dex+4} (Okawaru
                  | gifted it to you in an ice cave)
 21020 | IceCv    | Received a gift from Okawaru
 21471 | Lair:6   | Reached skill level 15 in Shields
 21801 | Lair:6   | Noticed Josephine
 21808 | Lair:6   | Killed Josephine
 21983 | Lair:6   | Acquired the amulet of the Sturgeon {Acrobat Regen+ SInv}
 22245 | Lair:6   | Identified the +8 broad axe "Ebeiroot" {protect, rPois
                  | SInv} (Okawaru gifted it to you on level 6 of the Lair of
                  | Beasts)
 22245 | Lair:6   | Received a gift from Okawaru
 23116 | Lair:1   | Identified the +7 arbalest of Oqiunn {freeze, Str+7}
                  | (Okawaru gifted it to you on level 1 of the Lair of Beasts)
 23116 | Lair:1   | Received a gift from Okawaru
 23444 | Lair:1   | Reached XP level 15. HP: 100/122 MP: 1/15
 23448 | Lair:1   | Identified the +1 leather armour of Bumab {rN+ Stlth+}
 23872 | D:10     | Found the ring of the Octopus King
 23879 | D:10     | Identified a ring of the Octopus King {Fly AC+1 EV+1 Str+1
                  | Int+1 Dex+1}
 23983 | D:12     | You are sucked into a shaft and drop 1 floor!
 24122 | D:13     | Noticed Azrael
 24146 | D:13     | Killed Azrael
 24222 | D:13     | Noticed Sonja
 24230 | D:13     | Killed Sonja
 24237 | D:13     | Noticed Urug
 24326 | D:13     | Killed Urug
 24339 | D:13     | Reached skill level 16 in Shields
 24342 | D:13     | Identified the +1 mace of Impatience {drain, rF+} (Okawaru
                  | gifted it to you on level 13 of the Dungeon)
 24342 | D:13     | Received a gift from Okawaru
 24573 | D:13     | Reached skill level 15 in Armour
 24948 | D:14     | Identified the ring "Kiggom" {rC+ rN+ Str-4 Int+2 Dex+2}
 24990 | D:15     | Entered Level 15 of the Dungeon
 25005 | D:15     | Found a runed translucent gate.
 25027 | D:15     | Noticed Jorgrun
 25070 | D:15     | Killed Jorgrun
 25073 | D:15     | Received a gift from Okawaru
 25086 | D:15     | Noticed an orc warlord
 25100 | D:15     | Found a runed translucent gate.
 25208 | D:15     | Found a runed translucent gate.
 25237 | D:15     | Identified the +8 glaive of Trauma {flame, rPois rF- Str+5
                  | Stlth+}
 25261 | D:15     | Found a radiant altar of Vehumet.
 25435 | D:15     | Found a staircase to the Depths.
 25618 | D:15     | Noticed Bibakh's ghost (adept DsFi)
 25643 | D:15     | Killed Bibakh's ghost
 25650 | D:15     | Killed an orc warlord
 25707 | D:15     | Found an iron altar of Okawaru.
 25876 | Orc:1    | Entered Level 1 of the Orcish Mines
 26234 | Orc:1    | Received a gift from Okawaru
 26559 | Orc:2    | Entered Level 2 of the Orcish Mines
 26595 | Orc:2    | Noticed Saint Roka
 26603 | Orc:2    | Reached skill level 17 in Shields
 26629 | Orc:2    | Killed Saint Roka
 26685 | Orc:2    | Found Bois's Magic Scroll Boutique.
 26714 | Orc:2    | Bought a scroll of enchant armour for 105 gold pieces
 26714 | Orc:2    | Bought a scroll of enchant armour for 105 gold pieces
 26714 | Orc:2    | Bought a scroll of identify for 28 gold pieces
 26714 | Orc:2    | Bought a scroll of teleportation for 42 gold pieces
 26816 | Orc:2    | Found Xishrauty's Antique Weapon Emporium.
 26817 | Orc:2    | Found Sullets's Magic Scroll Boutique.
 26830 | Orc:1    | Reached XP level 16. HP: 132/132 MP: 16/16
 27054 | Orc:2    | Reached skill level 10 in Axes
 27059 | Orc:2    | Found Keyllau's Assorted Antiques.
 27061 | Orc:2    | Found Echikoel's Distillery.
 27062 | Orc:2    | Bought a scroll of identify for 34 gold pieces
 27062 | Orc:2    | Bought a scroll of identify for 34 gold pieces
 27062 | Orc:2    | Bought a scroll of identify for 34 gold pieces
 27062 | Orc:2    | Bought a scroll of identify for 34 gold pieces
 27094 | Orc:2    | Bought a scroll of identify for 76 gold pieces
 27368 | Orc:2    | Found a staircase to the Elven Halls.
 27618 | Snake:1  | Entered Level 1 of the Snake Pit
 27635 | Snake:1  | Identified the +4 plate armour of Jiczoo Lymo {rF+ Int+3}
                  | (Okawaru gifted it to you on level 1 of the Snake Pit)
 27635 | Snake:1  | Received a gift from Okawaru
 28246 | Snake:1  | Found Ymenwaleogg's Distillery.
 28260 | Snake:1  | Bought a potion of heal wounds for 75 gold pieces
 28260 | Snake:1  | Bought a potion of berserk rage for 75 gold pieces
 28703 | Snake:2  | Reached skill level 15 in Fighting
 28705 | Snake:2  | Found Napsahau's Antique Armour Shoppe.
 28720 | Snake:2  | Noticed Vashnia
 28739 | Snake:2  | Reached skill level 18 in Shields
 28791 | Snake:2  | HP: 1/134 [Vashnia/arrow (37)]
 28808 | Snake:2  | Killed Vashnia
 28916 | Snake:2  | Bought a pair of embroidered gloves for 262 gold pieces
 28988 | Snake:2  | Identified the +0 pair of gloves of Valour {Drain rElec
                  | rC++ SInv} (Okawaru gifted it to you on level 2 of the
                  | Snake Pit)
 28988 | Snake:2  | Received a gift from Okawaru
 29506 | Snake:3  | Reached XP level 17. HP: 131/140 MP: 9/17
 29652 | Snake:3  | Noticed Asterion
 29668 | Snake:3  | Killed Asterion
 30042 | Snake:3  | Reached skill level 19 in Shields
 30074 | Snake:3  | Found a shimmering blue altar of Sif Muna.
 30340 | Snake:4  | Entered Level 4 of the Snake Pit
 30389 | Snake:4  | Received a gift from Okawaru
 30698 | Snake:4  | Noticed a quicksilver dragon
 30701 | Snake:4  | Found a sacrificial altar of Ru.
 31049 | Snake:4  | Received a gift from Okawaru
 31143 | Snake:4  | Killed a quicksilver dragon
 31240 | Snake:4  | Noticed a quicksilver dragon
 31249 | Snake:4  | Killed a quicksilver dragon
 31259 | Snake:4  | Got a serpentine rune of Zot
 31730 | Elf:1    | Entered Level 1 of the Elven Halls
 31779 | Elf:1    | Reached XP level 18. HP: 141/151 MP: 19/19
 31794 | Elf:1    | Found Celugh's Armour Emporium.
 31835 | Elf:1    | Reached skill level 20 in Shields
 31837 | Elf:1    | Identified the +1 ring mail of Pessimism {Will+} (Okawaru
                  | gifted it to you on level 1 of the Elven Halls)
 31837 | Elf:1    | Received a gift from Okawaru
 32005 | Elf:1    | Cast into level 3 of the Abyss (a deep elf demonologist)
 32573 | Abyss:3  | HP: 7/152 [starcursed mass/accursed screaming (7)]
 32584 | Abyss:3  | Killed from afar by a wretched star

Illustrated notes

Levels and vault maps discovered:
D:1:      lightli_arrival_statue_moat, layout_loops_corners,
          hellmonk_ecumenical_altar_zigzags
D:2:      layout_basic
D:3:      layout_basic
D:4:      layout_cave_pods
D:5:      layout_basic, minmay_temple_entry_mist,
          chequers_serial_rivers_micro_d, minmay_hollow_rounded_squares
D:6:      layout_basic, uniq_edmund
D:7:      layout_loops_cross, led_sif_book, kennysheep_little_box,
          grunt_temple_overflow_diamond, uniq_joseph, uniq_duvessa
D:8:      layout_basic, nicolae_wu_jian_glorious_leap, serial_shops,
          nicolae_inconvenience_store, nicolae_stop_n_shop_1,
          nicolae_shop_waterfront, kennysheep_mini, shop,
          david_defended_altar_orc
D:9:      layout_long_grid, erik_lair_island
D:10:     layout_rooms, orc_0_dummy, kennysheep_generic_room_6
D:11:     layout_basic, serial_co_window_serial, co_window_paths_b,
          co_window_of_opportunity_a, co_window_corner_a, co_window_paths_a,
          co_window_paths_a, co_window_paths_a, co_window_of_opportunity_a,
          co_window_paths_c, co_window_paths_c, co_window_unsneaky_path_c,
          co_window_broadway_a, co_window_2corner, glass_columns_a,
          glass_columns_a, glass_columns_a, glass_columns_b, serial_shops,
          nicolae_shop_behind_doors, minivault_19, cheibriados_altar_1,
          uniq_maurice
D:12:     layout_long_grid, minmay_misc_feat_roman,
          nicolae_hepliaklqana_hazy_memory, uniq_fannar
D:13:     layout_irregular_city, uniq_sonja, uniq_urug, uniq_azrael
D:14:     layout_basic, hangedman_vaults_entry_quadrant_bands,
          solitary_fountain, xom_teletrap_fun
D:15:     grunt_enter_depths_hoard, layout_rooms,
          gammafunk_ghost_fury_of_okawaru, vehumet_altar_wand_db, uniq_jorgrun
Temple:   nicolae_temple_elliptical
Lair:1:   beast_lair_carwin_large_3, layout_cave_pods, disabler_island,
          wad_woods_river_01
Lair:2:   layout_cellular_growth, gammafunk_ghost_cemetery
Lair:3:   layout_cave_pods, elwin_shoals_entry_stream, dummy_snake_entry,
          enter_volcano_4, serial_bayou_shore_b, grunt_megastairs_3,
          infiniplex_staircase_pool_2, minmay_lair_oklob_chamber
Lair:4:   layout_gridlike, serial_forest, infiniplex_forest_straight_1,
          infiniplex_forest_corner_1, infiniplex_forest_straight_5,
          infiniplex_forest_clump_long, infiniplex_forest_clump_double,
          infiniplex_forest_clump_double, infiniplex_forest_end_3,
          serial_bayou_pond_b, serial_bayou_shore_b, grunt_megastairs_4
Lair:5:   layout_cave_pods, slime_altar_1, chequers_serial_rivers_small_b,
          serial_bayou_shore_b
Lair:6:   evilmike_catoblepas_cave, layout_regular_city,
          portal_ice_cave_entry_pillars_1, nicolae_quartered_pool_little,
          uniq_josephine
Snake:1:  layout_grid_shapes, serial_shops, nicolae_shop_trees
Snake:2:  nicolae_snake_nest, layout_onion, serial_shops, shop,
          corexii_hall_statues_i, uniq_vashnia
Snake:3:  layout_onion, basic_altar, uniq_asterion
Snake:4:  hellmonk_snake_rune_quicksilver_temple, layout_rooms, basic_altar,
          nrook_guardian_serpent_ordinary
Orc:1:    layout_caves, nooodl_orcs_dogs
Orc:2:    st_orc_open, layout_caves, serial_shops, nicolae_shop_statue_plus,
          uniq_saint_roka
Elf:1:    layout_loops_cross, serial_shops, shop,
          nicolae_shop_temple_entry_statues_fountains, shop,
          kennysheep_underground_church
Abyss:3:  base: D:12, minivault_4, evilmike_abyss_rune_siren_acolytes

Skill      XL: |  1  2  3  4  5  6  7  8  9 10 11 12 13 14 15 16 17 18 |
---------------+-------------------------------------------------------+-----
Fighting       | 4 5 6 7 8 9 10 11 13 14 15 16 17 | 17.1
Armour         | 4 5 6 8 9 11 12 13 14 15 16 | 16.5
Shields        | 4 5 6 7 9 11 12 14 15 17 18 19 20 | 20.3
Axes           | 3 4 5 7 8 12 13 | 13.3
Dodging        | 1 2 3 4 |  4.4
Maces & Flails | 1 4 7 9 11 13 15 16 17 18 | 18.8
Stealth        | 1 |  1.5
Invocations    | 1 2 |  2.9
Evocations     | |  0.7

Action                   |  1- 3 |  4- 6 |  7- 9 | 10-12 | 13-15 | 16-18 || total
-------------------------+-------+-------+-------+-------+-------+-------++-------
Melee: War axe           |    80 |    94 |    27 |       |       |       ||   201
       Headbutt          |    10 |    11 |    43 |   131 |   361 |   295 ||   851
       Flail             |       |       |   256 |   587 |       |       ||   843
       Morningstar       |       |       |       |     7 |  1117 |   757 ||  1881
       Broad axe         |       |       |       |       |    39 |   348 ||   387
Invok: Heroism           |       |       |     2 |    11 |     6 |     8 ||    27
       Finesse           |       |       |       |     1 |     2 |     1 ||     4
Evoke: Wand              |       |       |     1 |     2 |       |       ||     3
  Use: Potion            |       |     1 |     1 |     4 |     2 |     9 ||    17
       Scroll            |       |       |       |    15 |    12 |    16 ||    43
Armor: Scale mail        |    35 |    25 |       |       |       |       ||    60
       Chain mail        |       |    24 |    75 |       |       |       ||    99
       Plate armour      |       |       |   132 |   313 |   528 |   417 ||  1390
Dodge: Dodged            |    27 |    27 |    73 |   153 |   317 |   386 ||   983
Block: Kite shield       |    35 |    46 |   206 |   447 |   880 |  1212 ||  2826
